 Dungeon Crawl Stone Soup version 0.23.2 (webtiles) character file.

Game seed: 2261811595057979356

1596 whitewolfNL the Cudgeler (level 8, -2/79 HPs)
             Began as a Troll Berserker on Apr 13, 2019.
             Was an Elder of Trog.
             Slain by an ooze (4 damage)
             ... on level 6 of the Dungeon.
             The game lasted 00:21:35 (4011 turns).

whitewolfNL the Cudgeler (Troll Berserker)          Turns: 4011, Time: 00:21:42

Health: -2/79      AC: -1    Str: 26    XL:     8   Next: 62%
Magic:  0/17       EV: 11    Int:  3    God:    Trog [****..]
Gold:   296        SH:  0    Dex: 11    Spells: 7/7 levels left

rFire    . . .     SeeInvis .   s - +0 giant club
rCold    . . .     Gourm    +   (shield currently unavailable)
rNeg     . . .     Faith    .   y - +0 robe
rPois    .         Spirit   +   (helmet restricted)
rElec    .         Reflect  .   x - +0 cloak
rCorr    .         Harm     .   (gloves unavailable)
MR       .....                  (boots unavailable)
Stlth    ++........             l - amulet of guardian spirit
HPRegen  0.63/turn              i - ring of flight
MPRegen  0.15/turn              n - ring of magical power

@: corroded, berserk cooldown, slowed, very slow
A: large, unfitting armour, claws 3, fast metabolism 3, gourmand, regeneration
1, shaggy fur 1, tough skin 3
a: Berserk, Trog's Hand, Brothers in Arms, Renounce Religion, Evoke Flight


You were on level 6 of the Dungeon.
You worshipped Trog.
Trog was greatly pleased with you.
You were very full.

You visited 1 branch of the dungeon, and saw 6 of its levels.

You collected 296 gold pieces.

Inventory:

Hand Weapons
 r - a +0 blowgun
 s - a +0 giant club (weapon)
 F - a +0 flail
Missiles
 c - 112 arrows
 g - 109 bolts
 j - 41 poisoned needles
Armour
 x - a +0 cloak (worn)
 y - a +0 robe (worn)
Jewellery
 i - a ring of flight (left claw)
 l - an amulet of guardian spirit (around neck)
 n - a ring of magical power (right claw)
Wands
 f - a wand of paralysis (12)
 v - a wand of flame (17)
Scrolls
 a - a scroll of enchant armour
 h - 3 scrolls of magic mapping
 p - 5 scrolls of teleportation
 q - 3 scrolls of enchant weapon
 D - a scroll of immolation
 E - a scroll of remove curse
Potions
 d - a potion of berserk rage
 e - a potion of agility
 k - a potion of curing {unknown}
 o - a potion of haste
 t - 2 potions of lignification
 z - a potion of heal wounds {unknown}
Comestibles
 b - 13 rations
 m - 4 chunks of flesh


   Skills:
 * Level 4.3 Fighting
 * Level 6.0 Maces & Flails
 * Level 2.5 Throwing
 * Level 4.5 Dodging
 * Level 1.7 Stealth
 + Level 3.6 Unarmed Combat
 * Level 1.9 Evocations


You had 7 spell levels left.
You didn't know any spells.
Your spell library was empty.

Dungeon Overview and Level Annotations

Branches:
Dungeon (6/15)             Temple (0/1) D:4

Altars:
Ashenzari
Dithmenos
Fedhas
Sif Muna
Uskayaw
The Shining One


Innate Abilities, Weirdness & Mutations

You are too large for most types of armour.
You have claws for hands.
Your metabolism is lightning-fast.
You like to eat raw meat.
Your natural rate of healing is unusually fast.
You are covered in fur. (AC +1)
You have extremely tough skin. (AC +3)


Message History

* * * LOW HITPOINT WARNING * * *
You sock the ooze!
You kill the ooze!
Trog accepts your kill. The ooze closely misses you. The ooze hits you.
* * * LOW HITPOINT WARNING * * *
The jelly hits you.
* * * LOW HITPOINT WARNING * * *
You are splashed with acid.
* * * LOW HITPOINT WARNING * * *
The ooze barely misses you. The jelly hits you.
* * * LOW HITPOINT WARNING * * *
The acid corrodes you!
You are splashed with acid!
* * * LOW HITPOINT WARNING * * *
The jelly hits you.
* * * LOW HITPOINT WARNING * * *
You are splashed with acid!
* * * LOW HITPOINT WARNING * * *
The ooze hits you.
You die...

### .. ..# #####.#
#.. #....J##....
###..J@J......
#......J##....
.#.......# .
............####
....$...###....#
......#.....##.##
............##..#
.##.###.....###.##
##.###.....# #..#


You could see 2 jellies and 2 oozes.

Vanquished Creatures
  A slime creature (D:6)
  Eustachio (D:5)
  A sky beast (D:6)
  A centaur (D:5)
  2 ogres
  2 bullfrogs
  2 scorpions
  A howler monkey (D:6)
  3 crimson imps (D:5)
  An orc priest (D:4)
  Crazy Yiuf (D:3)
  A bullfrog skeleton (D:6)
  2 centaur skeletons (D:5)
  2 iguanas
  An orc wizard (D:5)
  3 worker ants
  2 hound skeletons
  4 gnolls (D:5)
  9 adders
  5 oozes (D:6)
  An adder skeleton (D:4)
  3 dart slugs
  A worm (D:2)
  4 leopard geckos
  5 orcs
  2 ball pythons
  8 giant cockroaches
  6 goblins
  6 hobgoblins
  4 jackals (D:1)
  A quokka (D:2)
  5 bats
  8 frilled lizards
  A giant cockroach zombie (D:5)
  A jackal skeleton (D:4)
  11 kobolds
  A quokka skeleton (D:3)
  9 rats
  A fungus (D:3)
  A plant (D:3)
124 creatures vanquished.

Vanquished Creatures (others)
  5 fungi (D:6)
5 creatures vanquished.

Grand Total: 129 creatures vanquished

Notes
Turn   | Place    | Note
-------+----------+-------------------------------------------
     0 | D:1      | whitewolfNL the Troll Berserker began the quest for the
                  | Orb.
     0 | D:1      | Reached XP level 1. HP: 22/22 MP: 0/0
   149 | D:1      | Reached XP level 2. HP: 29/29 MP: 1/1
   486 | D:1      | Reached ** piety under Trog
   486 | D:1      | Reached XP level 3. HP: 36/36 MP: 2/2
   986 | D:2      | Reached XP level 4. HP: 44/44 MP: 3/3
  1135 | D:2      | Reached skill level 1 in Maces & Flails
  1512 | D:2      | Reached XP level 5. HP: 53/53 MP: 4/4
  1718 | D:3      | Found a glowing golden altar of the Shining One.
  1720 | D:3      | Found a hide-covered altar of Uskayaw.
  1723 | D:3      | Found a shattered altar of Ashenzari.
  1723 | D:3      | Found a blossoming altar of Fedhas.
  1724 | D:3      | Found a deep blue altar of Sif Muna.
  1737 | D:3      | Reached *** piety under Trog
  1799 | D:3      | Found a shadowy altar of Dithmenos.
  1957 | D:3      | Reached skill level 2 in Maces & Flails
  2099 | D:3      | Found a faded altar of an unknown god.
  2188 | D:3      | Found a runed translucent door.
  2189 | D:3      | Noticed Crazy Yiuf
  2199 | D:3      | Killed Crazy Yiuf
  2199 | D:3      | Reached skill level 1 in Throwing
  2369 | D:4      | Found a staircase to the Ecumenical Temple.
  2388 | D:4      | Reached XP level 6. HP: 61/61 MP: 5/5
  2884 | D:5      | Entered Level 5 of the Dungeon
  3042 | D:5      | Noticed Eustachio
  3046 | D:5      | Reached skill level 3 in Maces & Flails
  3046 | D:5      | Reached skill level 1 in Stealth
  3056 | D:5      | Killed Eustachio
  3056 | D:5      | Reached skill level 1 in Evocations
  3056 | D:5      | Reached XP level 7. HP: 44/67 MP: 6/6
  3184 | D:5      | Reached **** piety under Trog
  3233 | D:5      | Reached skill level 4 in Maces & Flails
  3722 | D:5      | Reached XP level 8. HP: 60/78 MP: 8/8
  3831 | D:6      | Reached skill level 5 in Maces & Flails
  4000 | D:6      | Noticed a slime creature
  4009 | D:6      | Killed a slime creature
  4010 | D:6      | Reached skill level 6 in Maces & Flails
  4011 | D:6      | HP: 2/79 [acid (6)]
  4011 | D:6      | Slain by an ooze

Skill      XL: |  1  2  3  4  5  6  7  8 |
---------------+-------------------------+-----
Dodging        | 3 4 |  4.5
Fighting       | 3 4 |  4.3
Maces & Flails | 1 2 3 4 6 |  6.0
Throwing       | 1 2 |  2.5
Stealth        | 1 |  1.7
Evocations     | 1 |  1.9
Unarmed Combat | |  3.6

Action                   |  1- 3 |  4- 6 |  7- 9 || total
-------------------------+-------+-------+-------++-------
Melee: Unarmed           |    65 |       |       ||    65
       Mace              |    48 |   215 |    21 ||   284
       Punch             |     1 |     2 |     1 ||     4
       Flail             |       |       |    78 ||    78
       Giant club        |       |       |    65 ||    65
Invok: Berserk           |     1 |     5 |     3 ||     9
  Use: Scroll            |     3 |     5 |     5 ||    13
       Potion            |       |       |     1 ||     1
 Stab: Sleeping          |       |     2 |     2 ||     4
  Eat: Chunk             |    16 |    23 |    13 ||    52
Armor: Animal skin       |    72 |    27 |       ||    99
       Robe              |       |    40 |    72 ||   112
Dodge: Dodged            |    70 |   113 |   106 ||   289
